[ AOE2 MATCH · #467568340 ]
UnrankedMalay vs Chinese
[ REPLAY ANALYSIS · EXTRACTED FROM THE RECORDED GAME ]
Feudal
14:43
Castle
29:24
Imperial
44:58
| APM avg | 27.2 |
| APM peak | 61 |
| eAPM avg | 14.2 |
| Villagers / military | 62 / 215 |
Focus
⚔️ 36.1% · 🌾 63.9%
Archer ×57 · Spearman ×57 · Skirmisher ×50 · Karambit Warrior ×11 · Battering Ram ×10 · Militia ×9
Feudal
13:53
Castle
29:30
Imperial
47:54
| APM avg | 26.1 |
| APM peak | 81 |
| eAPM avg | 12.0 |
| Villagers / military | 84 / 94 |
Focus
⚔️ 30.9% · 🌾 69.1%
Militia ×46 · Chu Ko Nu ×39 · Fishing Ship ×13 · Demolition Raft ×9
Feudal
16:40
Castle
21:37
Imperial
37:44
| APM avg | 14.9 |
| APM peak | 42 |
| eAPM avg | 11.4 |
| Villagers / military | 133 / 96 |
Focus
⚔️ 27.7% · 🌾 72.3%
Knight ×43 · Spearman ×17 · Teutonic Knight ×15 · Fishing Ship ×9 · Militia ×8 · Battering Ram ×6
Feudal
21:08
Castle
28:56
Imperial
42:27
| APM avg | 13.6 |
| APM peak | 29 |
| eAPM avg | 12.3 |
| Villagers / military | 172 / 116 |
Focus
⚔️ 18.2% · 🌾 81.8%
Scout Cavalry ×98 · Coustillier ×6 · Trebuchet (Packed) ×5 · Demolition Raft ×4 · Monk ×2 · Militia ×1
Feudal
—
Castle
—
Imperial
—
| APM avg | 12.1 |
| APM peak | 26 |
| eAPM avg | 9.4 |
| Villagers / military | 131 / 21 |
Focus
⚔️ 11.6% · 🌾 88.4%
Fishing Ship ×29 · Battering Ram ×10 · Trade Cart ×6 · Conquistador ×5 · Monk ×3 · Trebuchet (Packed) ×3
Feudal
21:12
Castle
27:20
Imperial
54:25
| APM avg | 10.2 |
| APM peak | 27 |
| eAPM avg | 6.2 |
| Villagers / military | 68 / 62 |
Focus
⚔️ 18.0% · 🌾 82.0%
Knight ×50 · Battering Ram ×12 · Fishing Ship ×9
Match map
Initial resources + every placement click. Lines = walls · curves = elevation contours. ◆ gold · ⬟ stone · ● berries · ✦ relic · ◌ wall gap
Your base· Open — 10t gap
giannis.arsla's base· Open — 15t gap
Frog 2nd's base· Open — unwalled flank
HolyKanolie's base· Open — 13t gap
LeinadRellek's base· Open — 13t gap
Wolf4848's base· Open — unwalled flank
Smoothed initial terrain · ◌ = detected wall gap · hover for details
Inputs per minute
— Hannibal - - giannis.arsla
Build order — Hannibal
First 150 of 350 actions detected
| 1:22 | Build | Town Center |
| 3:20 | Create | Villager (Male) |
| 3:20 | Create | Villager (Male) |
| 3:20 | Create | Villager (Male) |
| 3:35 | Create | Villager (Male) |
| 3:43 | Build | House |
| 3:47 | Build | House |
| 4:51 | Create | Villager (Male) |
| 5:33 | Create | Villager (Male) |
| 6:07 | Create | Villager (Male) |
| 6:09 | Create | Villager (Male) |
| 6:37 | Create | Villager (Male) |
| 6:52 | Build | Dock |
| 6:59 | Build | House |
| 7:06 | Create | Villager (Male) |
| 7:24 | Create | Villager (Male) |
| 8:17 | Create | Villager (Male) |
| 8:18 | Create | Villager (Male) |
| 8:33 | Create | Fishing Ship |
| 8:48 | Create | Villager (Male) |
| 9:19 | Build | House |
| 9:29 | Create | Villager (Male) |
| 9:31 | Create | Villager (Male) |
| 10:02 | Build | Mill |
| 10:10 | Build | House |
| 10:18 | Create | Villager (Male) |
| 10:31 | Create | Villager (Male) |
| 10:38 | Create | Fishing Ship |
| 11:35 | Create | Fishing Ship |
| 11:42 | Create | Villager (Male) |
| 11:51 | Create | Villager (Male) |
| 12:31 | Create | Villager (Male) |
| 12:37 | Create | Fishing Ship |
| 12:55 | Build | House |
| 13:00 | Create | Villager (Male) |
| 13:22 | Research | Feudal Age |
| 13:59 | Build | Lumber Camp |
| 14:16 | Build | Mining Camp |
| 14:34 | Build | House |
| 14:36 | Build | House |
| 14:39 | Build | House |
| 14:43 | Age | Feudal Age |
| 14:44 | Create | Villager (Male) |
| 14:44 | Create | Villager (Male) |
| 14:57 | Research | Double-Bit Axe |
| 15:04 | Create | Fishing Ship |
| 15:37 | Create | Villager (Male) |
| 15:37 | Create | Villager (Male) |
| 15:38 | Create | Villager (Male) |
| 15:38 | Create | Villager (Male) |
| 15:38 | Create | Villager (Male) |
| 15:53 | Build | Barracks |
| 16:01 | Create | Villager (Male) |
| 16:01 | Create | Villager (Male) |
| 16:08 | Research | Tech 906 |
| 16:13 | Build | Fish Trap |
| 16:29 | Build | Farm |
| 16:37 | Build | Farm |
| 16:41 | Build | Farm |
| 16:45 | Build | Farm |
| 16:54 | Build | Farm |
| 17:00 | Build | Farm |
| 17:07 | Build | House |
| 17:08 | Build | House |
| 17:10 | Build | House |
| 17:14 | Create | Villager (Male) |
| 17:23 | Research | Horse Collar |
| 17:35 | Create | Villager (Male) |
| 17:47 | Build | Lumber Camp |
| 18:08 | Build | Farm |
| 18:11 | Build | Farm |
| 18:31 | Build | House |
| 18:50 | Create | Militia |
| 18:50 | Create | Militia |
| 18:50 | Create | Militia |
| 18:59 | Create | Villager (Male) |
| 18:59 | Create | Villager (Male) |
| 19:01 | Create | Villager (Male) |
| 19:01 | Create | Villager (Male) |
| 19:08 | Build | Archery Range |
| 19:23 | Create | Fishing Ship |
| 19:36 | Build | Fish Trap |
| 19:54 | Create | Militia |
| 20:04 | Build | Blacksmith |
| 20:11 | Create | Archer |
| 20:11 | Create | Archer |
| 20:11 | Create | Archer |
| 20:12 | Create | Archer |
| 20:12 | Create | Archer |
| 20:17 | Create | Villager (Male) |
| 20:17 | Create | Villager (Male) |
| 20:30 | Build | Lumber Camp |
| 20:38 | Build | Market |
| 20:51 | Build | Mining Camp |
| 21:13 | Build | Stable |
| 21:30 | Build | Farm |
| 21:59 | Research | Man-at-Arms (upgrade) |
| 22:04 | Build | House |
| 22:07 | Build | House |
| 22:19 | Research | Wheelbarrow |
| 22:19 | Create | Villager (Male) |
| 22:20 | Create | Villager (Male) |
| 22:34 | Build | Fish Trap |
| 22:43 | Create | Militia |
| 22:43 | Create | Militia |
| 22:44 | Create | Militia |
| 22:58 | Build | Farm |
| 23:05 | Research | Fletching |
| 23:17 | Build | Archery Range |
| 23:19 | Create | Archer |
| 23:46 | Create | Militia |
| 23:47 | Create | Militia |
| 23:53 | Create | Archer |
| 24:00 | Build | House |
| 24:01 | Build | House |
| 24:02 | Build | House |
| 24:06 | Create | Villager (Male) |
| 24:06 | Create | Villager (Male) |
| 24:06 | Create | Villager (Male) |
| 24:09 | Create | Villager (Male) |
| 24:13 | Create | Fishing Ship |
| 24:20 | Build | Fish Trap |
| 24:23 | Build | Fish Trap |
| 24:27 | Build | Fish Trap |
| 24:34 | Create | Archer |
| 24:34 | Create | Archer |
| 24:34 | Create | Archer |
| 24:46 | Build | House |
| 24:46 | Build | House |
| 24:47 | Build | House |
| 24:48 | Build | House |
| 24:48 | Build | House |
| 24:48 | Build | House |
| 24:50 | Build | House |
| 24:51 | Build | House |
| 24:51 | Build | House |
| 24:52 | Build | House |
| 24:52 | Build | House |
| 25:02 | Create | Archer |
| 25:49 | Build | Mining Camp |
| 25:54 | Create | Archer |
| 25:55 | Create | Archer |
| 26:33 | Create | Villager (Male) |
| 26:33 | Create | Villager (Male) |
| 26:34 | Create | Villager (Male) |
| 26:37 | Research | Gold Mining |
| 27:04 | Create | Archer |
| 27:04 | Create | Archer |
| 27:05 | Create | Archer |
| 27:27 | Research | Castle Age |
Build order — giannis.arsla
First 150 of 284 actions detected
| 1:44 | Build | Town Center |
| 3:32 | Build | House |
| 3:40 | Build | House |
| 4:11 | Create | Villager (Male) |
| 4:44 | Build | Palisade Wall |
| 4:46 | Build | Palisade Gate |
| 4:52 | Create | Villager (Male) |
| 4:53 | Create | Villager (Male) |
| 5:22 | Create | Villager (Male) |
| 5:54 | Create | Villager (Male) |
| 5:54 | Create | Villager (Male) |
| 6:44 | Create | Villager (Male) |
| 7:14 | Create | Villager (Male) |
| 7:48 | Create | Villager (Male) |
| 7:48 | Create | Villager (Male) |
| 8:25 | Create | Villager (Male) |
| 8:45 | Build | Lumber Camp |
| 8:55 | Create | Villager (Male) |
| 9:21 | Create | Villager (Male) |
| 9:59 | Create | Villager (Male) |
| 10:27 | Build | Mill |
| 10:28 | Create | Villager (Male) |
| 10:49 | Create | Villager (Male) |
| 11:12 | Create | Villager (Male) |
| 11:23 | Build | Mining Camp |
| 11:42 | Research | Feudal Age |
| 12:23 | Build | Barracks |
| 12:56 | Build | House |
| 12:57 | Build | House |
| 13:42 | Create | Militia |
| 13:42 | Create | Militia |
| 13:42 | Create | Militia |
| 13:42 | Create | Militia |
| 13:53 | Age | Feudal Age |
| 14:15 | Create | Villager (Male) |
| 14:20 | Create | Villager (Male) |
| 14:20 | Create | Villager (Male) |
| 14:31 | Build | Stone Wall |
| 14:33 | Build | Gate |
| 14:44 | Build | Farm |
| 14:58 | Create | Villager (Male) |
| 14:59 | Create | Villager (Male) |
| 15:01 | Create | Villager (Male) |
| 15:10 | Build | Farm |
| 15:37 | Build | Dock |
| 15:42 | Create | Villager (Male) |
| 15:45 | Build | Farm |
| 16:07 | Build | Farm |
| 16:08 | Build | Farm |
| 16:09 | Build | Farm |
| 16:11 | Build | Farm |
| 16:14 | Build | Farm |
| 16:20 | Create | Villager (Male) |
| 16:33 | Build | House |
| 16:52 | Build | Outpost |
| 17:14 | Build | House |
| 17:20 | Create | Militia |
| 17:21 | Create | Militia |
| 17:34 | Build | Watch Tower |
| 17:37 | Create | Villager (Male) |
| 17:38 | Create | Villager (Male) |
| 17:38 | Create | Villager (Male) |
| 17:49 | Research | Man-at-Arms (upgrade) |
| 17:50 | Create | Militia |
| 17:50 | Create | Militia |
| 17:51 | Create | Militia |
| 18:29 | Create | Villager (Male) |
| 18:29 | Create | Villager (Male) |
| 18:55 | Build | House |
| 19:37 | Create | Villager (Male) |
| 19:47 | Create | Villager (Male) |
| 19:48 | Create | Villager (Male) |
| 19:48 | Create | Villager (Male) |
| 19:52 | Create | Demolition Raft |
| 19:52 | Create | Demolition Raft |
| 19:53 | Create | Demolition Raft |
| 19:53 | Create | Demolition Raft |
| 19:59 | Create | Fishing Ship |
| 19:59 | Create | Fishing Ship |
| 20:00 | Create | Fishing Ship |
| 20:00 | Create | Fishing Ship |
| 20:00 | Create | Fishing Ship |
| 20:01 | Create | Fishing Ship |
| 20:03 | Create | Fishing Ship |
| 20:07 | Create | Villager (Male) |
| 20:17 | Build | Farm |
| 21:09 | Create | Villager (Male) |
| 21:09 | Create | Villager (Male) |
| 21:49 | Build | Mining Camp |
| 23:00 | Create | Villager (Male) |
| 23:00 | Create | Villager (Male) |
| 23:05 | Research | Wheelbarrow |
| 23:08 | Research | Loom |
| 23:13 | Build | House |
| 23:14 | Build | House |
| 23:15 | Build | House |
| 23:29 | Build | Archery Range |
| 23:34 | Build | Blacksmith |
| 23:41 | Build | Gate |
| 24:03 | Create | Villager (Male) |
| 24:03 | Create | Villager (Male) |
| 24:13 | Build | Barracks |
| 24:17 | Build | House |
| 24:18 | Build | House |
| 25:30 | Create | Villager (Male) |
| 25:33 | Research | Castle Age |
| 25:37 | Create | Villager (Male) |
| 25:38 | Create | Villager (Male) |
| 25:41 | Research | Castle Age |
| 25:56 | Build | Stone Wall |
| 26:01 | Build | House |
| 26:45 | Build | Watch Tower |
| 27:06 | Build | Farm |
| 27:09 | Build | Farm |
| 27:41 | Research | Padded Archer Armor |
| 27:42 | Research | Fletching |
| 27:47 | Create | Militia |
| 27:47 | Create | Militia |
| 27:48 | Create | Militia |
| 27:48 | Create | Militia |
| 27:50 | Research | Arson |
| 27:50 | Create | Militia |
| 27:51 | Create | Militia |
| 28:09 | Build | Watch Tower |
| 28:19 | Create | Militia |
| 28:26 | Research | Scale Mail Armor |
| 28:30 | Research | Forging |
| 28:34 | Research | Gold Mining |
| 28:36 | Research | Stone Mining |
| 28:38 | Research | Double-Bit Axe |
| 28:39 | Research | Horse Collar |
| 28:57 | Create | Villager (Male) |
| 29:30 | Age | Castle Age |
| 29:34 | Create | Villager (Male) |
| 29:40 | Build | Town Center |
| 29:59 | Build | Watch Tower |
| 31:36 | Create | Militia |
| 31:36 | Create | Militia |
| 31:37 | Create | Militia |
| 31:37 | Create | Militia |
| 31:37 | Create | Militia |
| 31:38 | Create | Militia |
| 31:39 | Create | Militia |
| 31:39 | Research | Long Swordsman (upgrade) |
| 32:17 | Create | Militia |
| 32:39 | Create | Villager (Male) |
| 32:39 | Create | Villager (Male) |
| 32:39 | Create | Villager (Male) |
| 32:46 | Build | House |
| 32:50 | Build | Stone Wall |
Build order — Frog 2nd
First 150 of 348 actions detected
| 1:32 | Build | Town Center |
| 3:19 | Build | House |
| 3:21 | Build | House |
| 3:22 | Build | House |
| 3:34 | Create | Villager (Male) |
| 3:34 | Create | Villager (Male) |
| 3:35 | Create | Villager (Male) |
| 3:35 | Create | Villager (Male) |
| 4:59 | Create | Villager (Male) |
| 5:27 | Create | Villager (Male) |
| 5:59 | Create | Villager (Male) |
| 5:59 | Create | Villager (Male) |
| 6:37 | Build | Mill |
| 6:47 | Create | Villager (Male) |
| 6:48 | Create | Villager (Male) |
| 6:48 | Create | Villager (Male) |
| 7:28 | Create | Villager (Male) |
| 8:05 | Create | Villager (Male) |
| 8:27 | Create | Villager (Male) |
| 8:27 | Create | Villager (Male) |
| 8:27 | Create | Villager (Male) |
| 8:31 | Create | Villager (Male) |
| 8:31 | Create | Villager (Male) |
| 9:11 | Build | House |
| 9:12 | Build | House |
| 9:15 | Build | House |
| 9:16 | Build | House |
| 9:29 | Create | Villager (Male) |
| 9:54 | Create | Villager (Male) |
| 10:08 | Build | Dock |
| 10:12 | Create | Villager (Male) |
| 10:34 | Build | House |
| 10:41 | Create | Villager (Male) |
| 10:41 | Create | Villager (Male) |
| 10:51 | Create | Fishing Ship |
| 10:58 | Create | Villager (Male) |
| 11:19 | Create | Villager (Male) |
| 11:24 | Create | Fishing Ship |
| 12:07 | Build | Barracks |
| 12:14 | Create | Villager (Male) |
| 12:15 | Create | Villager (Male) |
| 12:26 | Create | Fishing Ship |
| 12:33 | Create | Villager (Male) |
| 12:33 | Create | Villager (Male) |
| 12:47 | Build | Mining Camp |
| 13:08 | Create | Villager (Male) |
| 13:19 | Create | Fishing Ship |
| 13:42 | Create | Villager (Male) |
| 13:47 | Build | Farm |
| 13:50 | Build | Farm |
| 14:11 | Create | Fishing Ship |
| 14:30 | Research | Feudal Age |
| 14:35 | Create | Fishing Ship |
| 14:55 | Create | Fishing Ship |
| 16:05 | Build | Farm |
| 16:17 | Create | Fishing Ship |
| 16:32 | Create | Fishing Ship |
| 16:40 | Age | Feudal Age |
| 16:41 | Research | Wheelbarrow |
| 16:47 | Research | Horse Collar |
| 16:55 | Build | Stable |
| 17:02 | Build | Blacksmith |
| 17:12 | Create | Villager (Male) |
| 17:13 | Create | Villager (Male) |
| 17:24 | Build | House |
| 17:27 | Build | Farm |
| 17:32 | Create | Spearman |
| 18:44 | Build | Watch Tower |
| 18:57 | Research | Castle Age |
| 19:44 | Create | Scout Cavalry |
| 19:58 | Build | Dock |
| 20:07 | Create | Spearman |
| 20:37 | Create | Scout Cavalry |
| 21:02 | Research | Stone Mining |
| 21:06 | Research | Gold Mining |
| 21:07 | Research | Stone Mining |
| 21:37 | Age | Castle Age |
| 22:25 | Build | Farm |
| 22:39 | Research | Hand Cart |
| 23:05 | Research | Tech 906 |
| 23:18 | Build | Market |
| 23:28 | Create | Villager (Male) |
| 23:28 | Create | Villager (Male) |
| 23:28 | Create | Villager (Male) |
| 23:31 | Create | Villager (Male) |
| 24:14 | Build | Dock |
| 24:50 | Build | Town Center |
| 25:31 | Build | Town Center |
| 25:45 | Build | Town Center |
| 26:02 | Build | Fish Trap |
| 26:08 | Research | Gillnets |
| 26:12 | Create | Villager (Male) |
| 26:12 | Create | Villager (Male) |
| 26:12 | Create | Villager (Male) |
| 26:13 | Create | Villager (Male) |
| 26:13 | Create | Villager (Male) |
| 26:16 | Create | Villager (Male) |
| 26:21 | Create | Villager (Male) |
| 26:21 | Create | Villager (Male) |
| 26:21 | Create | Villager (Male) |
| 26:21 | Create | Villager (Male) |
| 26:22 | Create | Villager (Male) |
| 26:39 | Build | House |
| 26:45 | Build | House |
| 26:46 | Build | House |
| 26:47 | Build | House |
| 27:02 | Research | Heavy Plow |
| 27:04 | Create | Villager (Male) |
| 27:05 | Create | Villager (Male) |
| 27:05 | Create | Villager (Male) |
| 27:25 | Create | Villager (Male) |
| 27:43 | Create | Knight |
| 28:05 | Create | Villager (Male) |
| 28:24 | Build | House |
| 28:25 | Build | House |
| 28:32 | Create | Villager (Male) |
| 29:25 | Research | Loom |
| 29:25 | Research | Town Watch |
| 29:47 | Create | Villager (Male) |
| 29:47 | Create | Villager (Male) |
| 29:47 | Create | Villager (Male) |
| 29:59 | Build | Town Center |
| 30:02 | Create | Villager (Male) |
| 30:09 | Create | Villager (Male) |
| 30:09 | Create | Villager (Male) |
| 30:12 | Create | Villager (Male) |
| 30:12 | Create | Villager (Male) |
| 30:39 | Create | Villager (Male) |
| 30:39 | Create | Villager (Male) |
| 30:46 | Build | Farm |
| 30:50 | Create | Villager (Male) |
| 30:51 | Create | Villager (Male) |
| 31:09 | Create | Villager (Male) |
| 31:09 | Create | Villager (Male) |
| 31:14 | Create | Villager (Male) |
| 31:14 | Create | Villager (Male) |
| 31:14 | Create | Villager (Male) |
| 31:25 | Create | Knight |
| 31:25 | Create | Knight |
| 31:34 | Build | Farm |
| 31:36 | Build | Farm |
| 31:44 | Build | Farm |
| 31:47 | Build | Farm |
| 31:50 | Build | Farm |
| 31:50 | Create | Villager (Male) |
| 32:06 | Create | Villager (Male) |
| 32:07 | Create | Villager (Male) |
| 32:18 | Build | Mining Camp |
| 33:01 | Build | Castle |
| 33:50 | Build | Mining Camp |
Build order — HolyKanolie
First 150 of 411 actions detected
| 2:50 | Build | Town Center |
| 4:17 | Build | House |
| 4:22 | Build | Lumber Camp |
| 4:51 | Create | Villager (Male) |
| 4:51 | Create | Villager (Male) |
| 4:51 | Create | Villager (Male) |
| 4:52 | Create | Villager (Male) |
| 4:57 | Research | Wheelbarrow |
| 4:58 | Research | Loom |
| 5:13 | Research | Loom |
| 5:34 | Build | House |
| 5:45 | Create | Villager (Male) |
| 6:32 | Research | Loom |
| 6:36 | Create | Villager (Male) |
| 6:38 | Research | Loom |
| 7:28 | Create | Villager (Male) |
| 8:09 | Create | Villager (Male) |
| 8:48 | Create | Villager (Male) |
| 9:31 | Create | Villager (Male) |
| 9:41 | Build | House |
| 9:43 | Build | House |
| 9:45 | Build | House |
| 9:46 | Build | House |
| 9:57 | Create | Villager (Male) |
| 10:16 | Create | Villager (Male) |
| 10:38 | Create | Villager (Male) |
| 11:11 | Research | Double-Bit Axe |
| 11:19 | Create | Villager (Male) |
| 11:34 | Create | Villager (Male) |
| 12:15 | Create | Villager (Male) |
| 12:32 | Create | Villager (Male) |
| 12:49 | Build | Barracks |
| 12:56 | Create | Villager (Male) |
| 13:37 | Build | Mill |
| 13:46 | Create | Villager (Male) |
| 14:07 | Create | Villager (Male) |
| 14:12 | Create | Villager (Male) |
| 14:38 | Research | Horse Collar |
| 15:05 | Create | Villager (Male) |
| 15:13 | Build | Mill |
| 15:19 | Create | Villager (Male) |
| 15:50 | Create | Villager (Male) |
| 16:05 | Create | Villager (Male) |
| 16:19 | Build | Farm |
| 16:20 | Build | Farm |
| 16:21 | Build | Farm |
| 16:23 | Build | Farm |
| 16:27 | Build | Farm |
| 16:29 | Build | Farm |
| 16:40 | Create | Villager (Male) |
| 16:49 | Build | Mining Camp |
| 17:04 | Create | Villager (Male) |
| 17:27 | Create | Villager (Male) |
| 17:33 | Build | Farm |
| 17:42 | Build | Mining Camp |
| 17:51 | Build | House |
| 17:53 | Build | House |
| 18:08 | Create | Villager (Male) |
| 18:09 | Create | Villager (Male) |
| 18:51 | Create | Militia |
| 18:55 | Research | Feudal Age |
| 20:03 | Create | Villager (Male) |
| 20:17 | Research | Stone Mining |
| 20:18 | Research | Gold Mining |
| 21:08 | Age | Feudal Age |
| 21:16 | Build | Stable |
| 21:21 | Research | Heavy Plow |
| 21:23 | Research | Bow Saw |
| 21:25 | Research | Town Watch |
| 21:45 | Research | Stone Shaft Mining |
| 21:49 | Create | Villager (Male) |
| 22:02 | Build | Watch Tower |
| 22:06 | Create | Villager (Male) |
| 22:16 | Create | Villager (Male) |
| 22:40 | Research | Hand Cart |
| 22:51 | Create | Villager (Male) |
| 23:02 | Create | Villager (Male) |
| 23:15 | Build | Farm |
| 23:21 | Build | Farm |
| 23:31 | Build | Farm |
| 23:38 | Create | Villager (Male) |
| 24:10 | Build | Farm |
| 24:18 | Create | Villager (Male) |
| 24:36 | Build | Blacksmith |
| 24:42 | Create | Villager (Male) |
| 25:04 | Build | Watch Tower |
| 25:16 | Create | Villager (Male) |
| 25:21 | Build | Farm |
| 25:24 | Build | Farm |
| 25:25 | Build | Farm |
| 25:27 | Build | Farm |
| 25:41 | Create | Villager (Male) |
| 25:58 | Build | Watch Tower |
| 26:14 | Research | Castle Age |
| 26:23 | Build | Farm |
| 26:30 | Research | Fletching |
| 26:52 | Create | Villager (Male) |
| 27:23 | Build | Lumber Camp |
| 27:56 | Build | Watch Tower |
| 28:41 | Research | Gold Shaft Mining |
| 28:56 | Age | Castle Age |
| 29:25 | Build | Castle |
| 29:36 | Build | Town Center |
| 29:42 | Research | Town Patrol |
| 29:44 | Create | Villager (Male) |
| 29:48 | Create | Villager (Male) |
| 29:48 | Create | Villager (Male) |
| 29:48 | Create | Villager (Male) |
| 30:56 | Create | Villager (Male) |
| 30:56 | Create | Villager (Male) |
| 30:56 | Create | Villager (Male) |
| 30:57 | Create | Villager (Male) |
| 30:57 | Create | Villager (Male) |
| 30:57 | Create | Villager (Male) |
| 31:14 | Build | University |
| 31:18 | Create | Villager (Male) |
| 31:23 | Build | Farm |
| 31:25 | Build | Farm |
| 31:28 | Research | Crop Rotation |
| 31:32 | Research | Two-Man Saw |
| 31:39 | Create | Villager (Male) |
| 31:49 | Build | Farm |
| 31:51 | Build | Farm |
| 32:10 | Research | Murder Holes |
| 32:12 | Research | Masonry |
| 32:27 | Create | Villager (Male) |
| 32:28 | Create | Villager (Male) |
| 32:28 | Create | Villager (Male) |
| 32:53 | Build | Town Center |
| 33:11 | Create | Villager (Male) ×5 |
| 33:15 | Create | Villager (Male) |
| 33:47 | Create | Villager (Male) |
| 33:50 | Create | Villager (Male) |
| 33:50 | Create | Villager (Male) |
| 33:50 | Create | Villager (Male) |
| 33:50 | Create | Villager (Male) |
| 33:51 | Create | Villager (Male) |
| 33:58 | Build | Town Center |
| 34:04 | Research | Scale Barding Armor |
| 34:14 | Create | Villager (Male) |
| 34:26 | Create | Villager (Male) |
| 34:44 | Build | Monastery |
| 34:53 | Create | Villager (Male) |
| 34:57 | Build | Farm |
| 35:03 | Research | Bodkin Arrow |
| 35:13 | Research | Guard Tower (upgrade) |
| 35:34 | Create | Villager (Male) |
| 35:43 | Build | Farm |
| 35:46 | Build | Farm |
| 35:49 | Build | Farm |
Build order — LeinadRellek
First 150 of 318 actions detected
| 1:06 | Build | Town Center |
| 2:12 | Build | Mill |
| 3:10 | Build | House |
| 3:12 | Build | House |
| 3:16 | Build | House |
| 3:53 | Create | Villager (Male) |
| 3:53 | Create | Villager (Male) |
| 3:54 | Create | Villager (Male) |
| 3:55 | Create | Villager (Male) |
| 4:52 | Create | Villager (Male) |
| 5:58 | Create | Villager (Male) |
| 6:17 | Create | Villager (Male) |
| 6:46 | Create | Villager (Male) |
| 7:24 | Create | Villager (Male) |
| 7:45 | Build | House |
| 7:47 | Build | House |
| 7:49 | Build | House |
| 8:03 | Create | Villager (Male) |
| 8:24 | Create | Villager (Male) |
| 9:04 | Create | Villager (Male) |
| 9:04 | Create | Villager (Male) |
| 9:35 | Build | Lumber Camp |
| 10:56 | Create | Villager (Male) |
| 10:56 | Create | Villager (Male) |
| 10:56 | Create | Villager (Male) |
| 10:57 | Create | Villager (Male) |
| 11:13 | Build | Mill |
| 11:45 | Create | Villager (Male) |
| 11:45 | Create | Villager (Male) |
| 12:32 | Create | Villager (Male) |
| 13:02 | Create | Villager (Male) |
| 13:27 | Build | Mill |
| 14:49 | Research | Feudal Age |
| 15:45 | Build | Dock |
| 15:55 | Build | Mill |
| 16:40 | Create | Fishing Ship |
| 17:02 | Create | Villager (Male) |
| 17:03 | Create | Villager (Male) |
| 17:04 | Create | Villager (Male) |
| 17:04 | Create | Villager (Male) |
| 17:05 | Create | Villager (Male) |
| 17:05 | Create | Villager (Male) |
| 17:05 | Create | Villager (Male) |
| 17:06 | Create | Villager (Male) |
| 17:50 | Build | Blacksmith |
| 18:08 | Create | Villager (Male) |
| 18:09 | Create | Villager (Male) |
| 19:32 | Build | Market |
| 19:39 | Create | Fishing Ship |
| 20:23 | Build | Mill |
| 20:38 | Create | Villager (Male) |
| 20:39 | Create | Villager (Male) |
| 20:42 | Create | Villager (Male) |
| 21:11 | Research | Tech 906 |
| 21:12 | Create | Fishing Ship |
| 21:26 | Build | House |
| 21:28 | Build | House |
| 21:29 | Build | House |
| 21:31 | Build | House |
| 21:35 | Build | House |
| 22:21 | Create | Fishing Ship |
| 22:22 | Create | Fishing Ship |
| 22:28 | Research | Castle Age |
| 23:06 | Build | Mining Camp |
| 23:28 | Build | House |
| 23:39 | Build | Stone Wall |
| 24:16 | Build | Watch Tower |
| 24:38 | Research | Stone Mining |
| 24:39 | Research | Gold Mining |
| 25:25 | Build | Town Center |
| 25:36 | Research | Caravan |
| 25:37 | Create | Trade Cart |
| 25:59 | Create | Villager (Male) |
| 25:59 | Create | Villager (Male) |
| 26:00 | Create | Villager (Male) |
| 26:00 | Create | Villager (Male) |
| 26:00 | Create | Villager (Male) |
| 26:00 | Create | Villager (Male) |
| 26:01 | Create | Villager (Male) |
| 26:01 | Create | Villager (Male) |
| 26:02 | Create | Villager (Male) |
| 26:08 | Research | Stone Shaft Mining |
| 26:54 | Build | Watch Tower |
| 27:22 | Create | Villager (Male) |
| 27:22 | Create | Villager (Male) |
| 27:23 | Create | Villager (Male) |
| 27:23 | Create | Villager (Male) |
| 27:23 | Create | Villager (Male) |
| 28:10 | Build | Watch Tower |
| 28:33 | Create | Villager (Male) |
| 28:33 | Create | Villager (Male) |
| 28:37 | Research | Town Watch |
| 28:38 | Research | Wheelbarrow |
| 28:39 | Research | Loom |
| 28:59 | Build | Mill |
| 29:08 | Build | Monastery |
| 29:31 | Research | Forging |
| 29:56 | Build | Monastery |
| 30:02 | Create | Monk |
| 30:13 | Build | Farm |
| 30:14 | Build | Farm |
| 30:15 | Build | Farm |
| 30:17 | Build | Farm |
| 30:19 | Build | Farm |
| 30:20 | Build | Farm |
| 30:29 | Build | Watch Tower |
| 30:36 | Create | Monk |
| 30:39 | Create | Monk |
| 30:49 | Build | Watch Tower |
| 31:03 | Build | Farm |
| 31:37 | Create | Trade Cart |
| 31:37 | Create | Trade Cart |
| 31:40 | Create | Villager (Male) |
| 31:40 | Create | Villager (Male) |
| 31:40 | Create | Villager (Male) |
| 31:40 | Create | Villager (Male) |
| 31:41 | Create | Villager (Male) |
| 31:41 | Create | Villager (Male) |
| 31:41 | Create | Villager (Male) |
| 31:41 | Create | Villager (Male) |
| 32:36 | Build | University |
| 32:48 | Create | Villager (Male) |
| 32:49 | Create | Villager (Male) |
| 32:49 | Create | Villager (Male) |
| 32:49 | Create | Villager (Male) |
| 32:49 | Create | Villager (Male) |
| 33:21 | Build | Farm |
| 33:33 | Build | Farm |
| 33:35 | Build | Farm |
| 33:36 | Build | Farm |
| 33:59 | Build | House |
| 34:00 | Build | House |
| 34:01 | Build | House |
| 34:03 | Build | House |
| 34:38 | Build | Castle |
| 34:59 | Build | Town Center |
| 35:10 | Research | Double-Bit Axe |
| 35:15 | Create | Villager (Male) |
| 35:15 | Create | Villager (Male) |
| 35:15 | Create | Villager (Male) |
| 35:16 | Create | Villager (Male) |
| 35:16 | Create | Villager (Male) |
| 35:16 | Create | Villager (Male) |
| 35:43 | Research | Gillnets |
| 35:43 | Create | Fishing Ship |
| 35:44 | Create | Fishing Ship |
| 35:44 | Create | Fishing Ship |
| 35:44 | Create | Fishing Ship |
| 35:44 | Create | Fishing Ship |
| 35:45 | Create | Fishing Ship |
Build order — Wolf4848
First 150 of 195 actions detected
| 2:21 | Build | Town Center |
| 4:21 | Create | Villager (Male) |
| 4:22 | Create | Villager (Male) |
| 4:22 | Create | Villager (Male) |
| 4:22 | Create | Villager (Male) |
| 4:22 | Create | Villager (Male) |
| 4:36 | Build | House |
| 5:41 | Build | Barracks |
| 5:58 | Create | Villager (Male) |
| 5:58 | Create | Villager (Male) |
| 6:35 | Create | Villager (Male) |
| 7:52 | Build | House |
| 8:27 | Create | Villager (Male) |
| 8:30 | Create | Villager (Male) |
| 8:30 | Create | Villager (Male) |
| 8:31 | Create | Villager (Male) |
| 9:28 | Build | Lumber Camp |
| 9:35 | Create | Villager (Male) |
| 9:35 | Create | Villager (Male) |
| 9:35 | Create | Villager (Male) |
| 9:36 | Create | Villager (Male) |
| 10:40 | Build | House |
| 10:50 | Create | Villager (Male) |
| 10:50 | Create | Villager (Male) |
| 11:04 | Build | House |
| 12:16 | Build | Dock |
| 12:23 | Create | Villager (Male) |
| 12:23 | Create | Villager (Male) |
| 12:24 | Create | Villager (Male) |
| 12:48 | Build | Mill |
| 13:29 | Create | Villager (Male) |
| 13:32 | Create | Fishing Ship |
| 13:33 | Create | Fishing Ship |
| 14:08 | Build | Farm |
| 14:22 | Create | Fishing Ship |
| 14:33 | Create | Villager (Male) |
| 14:36 | Create | Villager (Male) |
| 14:37 | Create | Villager (Male) |
| 14:37 | Create | Villager (Male) |
| 14:43 | Create | Fishing Ship |
| 15:02 | Build | House |
| 15:07 | Build | House |
| 15:20 | Build | Farm |
| 15:34 | Build | Farm |
| 15:38 | Create | Villager (Male) |
| 15:38 | Create | Villager (Male) |
| 15:55 | Build | Farm |
| 15:55 | Build | Farm |
| 15:55 | Build | Farm |
| 15:56 | Build | Farm |
| 15:56 | Build | Farm |
| 15:57 | Build | Farm |
| 15:59 | Build | Farm |
| 16:16 | Create | Villager (Male) |
| 16:16 | Create | Villager (Male) |
| 16:28 | Build | Farm |
| 16:33 | Build | Farm |
| 16:37 | Create | Fishing Ship |
| 17:02 | Create | Fishing Ship |
| 17:15 | Create | Villager (Male) |
| 17:22 | Create | Fishing Ship |
| 17:43 | Create | Villager (Male) |
| 17:50 | Build | Farm |
| 18:16 | Build | Farm |
| 18:27 | Create | Villager (Male) |
| 19:00 | Build | Farm |
| 19:02 | Research | Feudal Age |
| 19:11 | Create | Fishing Ship |
| 19:11 | Create | Fishing Ship |
| 19:50 | Build | House |
| 19:52 | Build | House |
| 19:54 | Build | House |
| 19:57 | Build | House |
| 20:00 | Build | House |
| 20:21 | Build | Mining Camp |
| 21:12 | Age | Feudal Age |
| 21:17 | Research | Tech 906 |
| 21:19 | Research | Wheelbarrow |
| 21:28 | Build | Fish Trap |
| 21:31 | Build | Fish Trap |
| 21:41 | Build | Fish Trap |
| 21:49 | Research | Double-Bit Axe |
| 21:52 | Research | Horse Collar |
| 21:55 | Create | Villager (Male) ×5 |
| 22:29 | Build | Stable |
| 22:42 | Build | Farm |
| 23:37 | Build | Blacksmith |
| 24:35 | Research | Castle Age |
| 25:19 | Research | Scale Barding Armor |
| 25:20 | Research | Forging |
| 25:43 | Build | Fish Trap |
| 25:45 | Build | Fish Trap |
| 25:55 | Build | Fish Trap |
| 26:02 | Build | Fish Trap |
| 26:08 | Build | Fish Trap |
| 26:18 | Build | Fish Trap |
| 26:46 | Build | Farm |
| 27:20 | Age | Castle Age |
| 27:23 | Research | Husbandry |
| 27:25 | Research | Chain Barding Armor |
| 27:26 | Research | Iron Casting |
| 27:44 | Research | Bow Saw |
| 27:53 | Create | Villager (Male) ×5 |
| 27:59 | Create | Knight ×5 |
| 28:10 | Research | Heavy Plow |
| 29:06 | Research | Hand Cart |
| 30:07 | Build | Stable |
| 30:27 | Create | Knight |
| 30:27 | Create | Knight |
| 30:37 | Create | Villager (Male) ×5 |
| 30:42 | Research | Gillnets |
| 31:06 | Create | Knight ×5 |
| 31:38 | Build | Town Center |
| 31:53 | Create | Knight ×5 |
| 32:13 | Build | House |
| 32:14 | Build | House |
| 32:14 | Build | House |
| 32:14 | Build | House |
| 32:15 | Build | House |
| 32:16 | Build | House |
| 32:19 | Create | Villager (Male) ×5 |
| 32:53 | Create | Villager (Male) ×5 |
| 33:17 | Build | Siege Workshop |
| 33:53 | Create | Battering Ram |
| 33:53 | Create | Battering Ram |
| 34:20 | Build | Siege Workshop |
| 34:33 | Create | Knight ×5 |
| 34:42 | Build | House |
| 34:43 | Build | House |
| 34:43 | Build | House |
| 34:43 | Build | House |
| 34:46 | Build | House |
| 34:46 | Build | House |
| 34:51 | Create | Battering Ram |
| 35:19 | Create | Battering Ram |
| 35:28 | Create | Knight ×3 |
| 37:10 | Build | House |
| 37:10 | Build | House |
| 37:10 | Build | House |
| 37:11 | Build | House |
| 37:11 | Build | House |
| 37:12 | Build | House |
| 37:12 | Build | House |
| 37:13 | Build | House |
| 37:13 | Build | House |
| 37:13 | Build | House |
| 37:14 | Build | House |
| 38:25 | Research | Fletching |
| 38:29 | Create | Villager (Male) ×5 |
| 39:11 | Create | Knight ×5 |
Match timeline
| 4:44 | giannis.arsla · wall_segment Palisade Wall x9 |
| 5:41 | Wolf4848 · first_building Barracks |
| 6:52 | Hannibal · first_building Dock |
| 10:08 | Frog 2nd · first_building Dock |
| 12:07 | Frog 2nd · first_building Barracks |
| 12:16 | Wolf4848 · first_building Dock |
| 12:23 | giannis.arsla · first_building Barracks |
| 12:49 | HolyKanolie · first_building Barracks |
| 13:53 | giannis.arsla · age_up feudal |
| 14:31 | giannis.arsla · wall_segment Stone Wall x7 |
| 14:43 | Hannibal · age_up feudal |
| 15:37 | giannis.arsla · first_building Dock |
| 15:45 | LeinadRellek · first_building Dock |
| 15:53 | Hannibal · first_building Barracks |
| 16:40 | Frog 2nd · age_up feudal |
| 16:55 | Frog 2nd · first_building Stable |
| 19:08 | Hannibal · first_building Archery Range |
| 21:08 | HolyKanolie · age_up feudal |
| 21:12 | Wolf4848 · age_up feudal |
| 21:13 | Hannibal · first_building Stable |
| 21:16 | HolyKanolie · first_building Stable |
| 21:37 | Frog 2nd · age_up castle |
| 22:29 | Wolf4848 · first_building Stable |
| 23:29 | giannis.arsla · first_building Archery Range |
| 23:39 | LeinadRellek · wall_segment Stone Wall x4 |
| 24:39 | Frog 2nd · first_market_sell 100 wood |
| 24:42 | Frog 2nd · first_market_buy 100 stone |
| 25:56 | giannis.arsla · wall_segment Stone Wall x5 |
| 27:20 | Wolf4848 · age_up castle |
| 28:56 | HolyKanolie · age_up castle |
| 29:08 | LeinadRellek · first_building Monastery |
| 29:24 | Hannibal · age_up castle |
| 29:25 | HolyKanolie · first_building Castle |
| 29:30 | giannis.arsla · age_up castle |
| 32:05 | Hannibal · first_building Siege Workshop |
| 32:38 | Hannibal · first_building Monastery |
| 32:50 | giannis.arsla · wall_segment Stone Wall x4 |
| 33:01 | Frog 2nd · first_building Castle |
| 33:17 | Wolf4848 · first_building Siege Workshop |
| 34:01 | Frog 2nd · first_building Siege Workshop |
| 34:38 | LeinadRellek · first_building Castle |
| 34:44 | HolyKanolie · first_building Monastery |
| 35:37 | giannis.arsla · first_building Castle |
| 36:11 | LeinadRellek · first_building Siege Workshop |
| 36:22 | Hannibal · first_building Castle |
| 36:29 | LeinadRellek · first_market_buy 100 food |
| 37:44 | Frog 2nd · age_up imperial |
| 38:01 | HolyKanolie · first_building Dock |
| 38:23 | Frog 2nd · wall_segment Stone Wall x10 |
| 38:24 | Frog 2nd · wall_segment Stone Wall x5 |
| 39:01 | Frog 2nd · first_building Archery Range |
| 39:27 | LeinadRellek · first_market_sell 100 wood |
| 42:27 | HolyKanolie · age_up imperial |
| 44:58 | Hannibal · age_up imperial |
| 47:54 | giannis.arsla · age_up imperial |
| 49:56 | Wolf4848 · first_market_sell 500 food |
| 50:20 | Wolf4848 · first_building Monastery |
| 54:25 | Wolf4848 · age_up imperial |
| 54:55 | LeinadRellek · first_building Barracks |
| 55:40 | Wolf4848 · tribute_sent a jugador 1 |
| 55:40 | Wolf4848 · tribute_sent a jugador 2 |
| 55:40 | Wolf4848 · tribute_sent a jugador 3 |
| 55:40 | Wolf4848 · tribute_sent a jugador 4 |
| 55:40 | Wolf4848 · tribute_sent a jugador 6 |
| 55:45 | Wolf4848 · resign |
[ AI ANALYSIS · 1 CREDIT ]
What really happened in this match?
Wolo.gg analyzes every decision: build order, eco, micro, common mistakes by bracket. Personalized analysis on WhatsApp or Discord in 30 seconds.
Civ guide
Malay
Perfil
Jugador #24872224